 Dungeon Crawl Stone Soup version 0.28-a0-1435-g82390b3a13 (webtiles) character file.

Game seed: 17625770484152808942

1121 enile the Gusty (level 8, -4/44 (46) HPs)
             Began as an Octopode Wanderer on Jan 9, 2022.
             Was an Initiate of Gozag.
             Slain by a wight (11 damage)
             ... on level 6 of the Dungeon.
             The game lasted 00:12:49 (8585 turns).

enile the Gusty (Octopode Wanderer)                 Turns: 8585, Time: 00:12:50

HP:   -4/44 (46)    AC:  5    Str: 10    XL:     8   Next: 34%
MP:   12/12         EV: 13    Int: 18    God:    Gozag
Gold: 412           SH:  0    Dex:  9    Spells: 2/13 levels left

rFire   + . .      SeeInvis .   x - +5 hand axe "Ekesk" {venom, Will+}
rCold   . . .      Faith    .   (no shield)
rNeg    . . .      Spirit   .   (helmet restricted)
rPois   .          Reflect  .   (no amulet)
rElec   .          Harm     .   d - ring of wizardry
rCorr   .          Rampage  .   k - +4 ring of protection
Will    +....                   t - ring of fire
Stlth   +++.......              (no ring)
HPRegen 0.14/turn               (no ring)
MPRegen 0.13/turn               (no ring)
                                (no ring)
                                (no ring)

@: gold aura, lightly drained
A: almost no armour, amphibious, 8 rings, camouflage 1, gelatinous body 1,
(nimble swimmer 1), tentacles, cold resistance 1, frail 1, weak 1
a: Renounce Religion, Potion Petition, Call Merchant, Bribe Branch


You were on level 6 of the Dungeon.
You worshipped Gozag.
Gozag was aware of your devotion.
You visited 1 branch of the dungeon, and saw 6 of its levels.

You collected 444 gold pieces.
You paid 32 gold pieces to Gozag.

Inventory:

Hand Weapons
 a - a +0 long sword
 c - a +0 spear
 h - a +0 dagger of holy wrath
 i - a +0 dagger
 o - a +1 dagger of venom
 x - the +5 hand axe "Ekesk" (weapon) {venom, Will+}
   (You found it on level 6 of the Dungeon)

   It poisons the flesh of those it strikes.
   Will:      It increases your willpower.
Missiles
 m - 4 boomerangs (quivered)
Jewellery
 d - a ring of wizardry (left tentacle)
 k - a +4 ring of protection (right tentacle)
 t - a ring of fire (on tentacle)
 v - an amulet of the acrobat
Wands
 b - a wand of polymorph (7)
 s - a wand of acid (2)
Scrolls
 e - 3 scrolls of identify {unknown}
 f - 2 scrolls of vulnerability {unknown}
 g - a scroll of enchant armour {unknown}
 l - a scroll of magic mapping {unknown}
 n - 4 scrolls of teleportation {unknown}
 r - 2 scrolls of amnesia
Potions
 j - a potion of cancellation
 p - a potion of attraction {unknown}
 q - a potion of might {unknown}
 u - a potion of curing
 w - a potion of invisibility {unknown}


   Skills:
 - Level 3.0 Fighting
 - Level 2.0 Long Blades
 - Level 4.0 Dodging
 + Level 3.9 Stealth
 - Level 3.0 Spellcasting
 - Level 3.0 Conjurations
 - Level 3.0 Translocations
 - Level 5.0 Air Magic
 - Level 4.0 Evocations


You had 2 spell levels left.
You knew the following spells:

 Your Spells              Type           Power      Damage    Failure   Level
a - Searing Ray           Conj           26%        2d5       2%          2
b - Blink                 Tloc           26%        N/A       2%          2
c - Swiftness             Air            20%        N/A       2%          3
d - Airstrike             Air            10%        N/A       9%          4

Your spell library contained the following spells:

 Spells                   Type           Power      Damage    Failure   Level
 Shock                    Conj/Air       68%        1d7       1%          1
 Static Discharge         Conj/Air       17%        N/A       1%          2
 Manifold Assault         Tloc           13%        N/A       45%         5
 Storm Form               Tmut/Air       5%         N/A       100%        7


Dungeon Overview and Level Annotations

Branches:
Dungeon (6/15)             Temple (0/1) D:6

Altars:
Fedhas
Gozag
Hepliaklqana
Makhleb
Nemelex Xobeh
Okawaru
Uskayaw
Vehumet
Yredelemnul
Zin
The Shining One


Innate Abilities, Weirdness & Mutations

You cannot wear most types of armour.
You are amphibious.
You can wear up to eight rings at the same time.
Your skin changes colour to match your surroundings (Stealth+).
Your rubbery body absorbs attacks. (AC +1, EV +1)
((You are camouflaged when in or above water. (Stealth+)))
You have tentacles for arms and can constrict up to eight enemies at once.
Your flesh is cold resistant. (rC+)
You are frail. (-10% HP)
You are weak. (Str -2)


Message History

The +5 hand axe "Ekesk" {venom, Will+} begins to drip with poison!
x - the +5 hand axe "Ekesk" (weapon)
{venom, Will+} A hound comes into view.
The hound barks!
A hound is nearby!
A hound is nearby!
A hound is nearby!
A wight comes into view. It is wielding a +0 flail.
Found a sparkling altar of Nemelex Xobeh.
The hound bites you.
You hit the hound.
The hound is poisoned.
Your grab misses the hound.
The hound is lightly wounded.
The hound bites you. The hound misses you.
A wight comes into view. It is wielding a +0 scimitar.
You hit the hound.
The hound looks as sick as possible!
Your grab misses the hound.
You squeeze the hound, but do no damage.
The hound is moderately wounded.
The hound bites you. The hound barely misses you. The hound bites you.
The hound closely misses you. The hound barely misses you.
You miss the hound. You grab the hound. You squeeze the hound.
You kill the hound!
Okay, then.
You start putting on your amulet.
You continue putting on your amulet of the acrobat.
The wight hits you with a +0 flail.
Keep equipping yourself?
You feel drained.
You continue putting on your amulet of the acrobat. x2
The wight hits you with a +0 flail!
You continue putting on your amulet of the acrobat.
The wight hits you with a +0 scimitar!
* * * LOW HITPOINT WARNING * * *
The wight closely misses you.
You continue putting on your amulet of the acrobat.
The wight hits you with a +0 scimitar!
You die...
Your body crumbles into a pile of gold.

.#.#. ..# #.. ....
..### #.. _.. .....
#.# $ ..##...#
########.. # ..#...#
#........#
..##.##...#
#.######.# .........#
#.# ####.#
#######z###
#.###.....
#.z@.######........#
#.##..##....###.#...
#. ##.##.##.###.....
...##.##.##.##......
###.#.........#..#..#
#.#
#.............##..#
#.#
###..⌠...⌠..####..# #
..#
###.........#.....#
#. #.#
#......>......##...


You could see 2 wights.

Vanquished Creatures
  Grinder (D:6)
  A water moccasin (D:5)
  An ice beast (D:5)
  A necrophage (D:5)
  An ogre (D:5)
  A water moccasin skeleton (D:5)
  A centaur skeleton (D:5)
  3 hounds
  A jelly (D:2)
  A bullfrog skeleton (D:5)
  An iguana (D:4)
  Terence (D:3)
  Ijyb (D:3)
  3 orc wizards
  7 adders
  A howler monkey skeleton (D:4)
  2 white imps (D:5)
  A worm (D:2)
  A dart slug (D:5)
  11 orcs
  6 ball pythons
  7 bats
  3 endoplasms
  6 giant cockroaches
  12 goblins
  12 hobgoblins
  2 jackals (D:1)
  6 quokkas
  3 frilled lizards (D:1)
  9 kobolds
  5 rats (D:1)
112 creatures vanquished.

Vanquished Creatures (others)
  4 fungi (D:3)
  3 plants (D:3)
7 creatures vanquished.

Grand Total: 119 creatures vanquished

Notes
Turn   | Place    | Note
-------+----------+-------------------------------------------
     0 | D:1      | enile the Octopode Wanderer began the quest for the Orb.
     0 | D:1      | enile set off with the following items: a +0 long sword, a
                  | wand of polymorph (7); and the following spells available
                  | to memorise: Searing Ray, Static Discharge
     0 | D:1      | Reached XP level 1. HP: 13/13 MP: 2/2
   495 | D:1      | Reached XP level 2. HP: 19/19 MP: 3/3
   634 | D:1      | Reached skill level 1 in Dodging
   956 | D:1      | Learned a level 2 spell: Searing Ray
  1170 | D:1      | Reached XP level 3. HP: 13/24 MP: 1/4
  2150 | D:2      | Reached XP level 4. HP: 19/29 MP: 0/7
  2988 | D:3      | Reached XP level 5. HP: 28/34 MP: 3/9
  3084 | D:3      | Noticed Terence
  3091 | D:3      | Killed Terence
  3204 | D:3      | Found a basalt altar of Yredelemnul.
  3289 | D:3      | Gained mutation: You are weak. (Str -2) [potion of
                  | mutation]
  3289 | D:3      | Gained mutation: You are frail. (-10% HP) [potion of
                  | mutation]
  3289 | D:3      | Gained mutation: Your flesh is cold resistant. (rC+)
                  | [potion of mutation]
  3761 | D:3      | Learned a level 2 spell: Blink
  3940 | D:3      | Noticed Ijyb
  3963 | D:3      | Killed Ijyb
  4011 | D:3      | Found a hazy altar of Hepliaklqana.
  4014 | D:3      | Found a blossoming altar of Fedhas.
  4020 | D:3      | Found a glowing golden altar of the Shining One.
  4023 | D:3      | Found an opulent altar of Gozag.
  4023 | D:3      | Found a glowing silver altar of Zin.
  4030 | D:3      | Found a hide-covered altar of Uskayaw.
  4031 | D:3      | Found a radiant altar of Vehumet.
  4156 | D:3      | Reached skill level 1 in Translocations
  4156 | D:3      | Reached XP level 6. HP: 18/37 MP: 10/10
  4309 | D:3      | Found a faded altar of an unknown god.
  4436 | D:3      | Became a worshipper of Gozag Ym Sagoz the Greedy
  4487 | D:4      | Found an iron altar of Okawaru.
  4604 | D:4      | HP: 1/37 [something (3)]
  5089 | D:4      | Learned a level 3 spell: Swiftness
  5925 | D:5      | Entered Level 5 of the Dungeon
  5925 | D:5      | Noticed an ice beast
  5925 | D:5      | Noticed a necrophage
  5932 | D:5      | Reached skill level 1 in Air Magic
  6053 | D:5      | Reached skill level 2 in Air Magic
  6234 | D:5      | Found a burning altar of Makhleb.
  6379 | D:5      | Killed an ice beast
  6380 | D:5      | Reached XP level 7. HP: 17/41 MP: 11/11
  6590 | D:5      | Learned a level 4 spell: Airstrike
  6964 | D:5      | Reached skill level 3 in Air Magic
  7427 | D:5      | Reached skill level 4 in Air Magic
  7427 | D:5      | Reached XP level 8. HP: 46/46 MP: 3/12
  8353 | D:6      | Found a staircase to the Ecumenical Temple.
  8367 | D:6      | Noticed Grinder
  8371 | D:6      | Paralysed by Grinder for 3 turns
  8379 | D:6      | Killed Grinder
  8380 | D:6      | Reached skill level 5 in Air Magic
  8552 | D:6      | Identified the +5 hand axe "Ekesk" {venom, Will+}
  8574 | D:6      | Found a sparkling altar of Nemelex Xobeh.
  8585 | D:6      | Slain by a wight

Illustrated notes

Levels and vault maps discovered:
D:1:      dpeg_arrival_shelter, layout_loops_ring
D:2:      cheibrodos_greedy_goblins, layout_basic
D:3:      layout_basic, general_overflow_altar,
          nicolae_overflow_hallway_of_the_gods,
          shapermc_ecumenical_altar_mp_urbaneastern, minmay_misc_feat_plants,
          grunt_decor_junction, serial_bayou_pond_d, kennysheep_generic_room_11,
          uniq_ijyb, uniq_terence
D:4:      layout_loops_ring, okawaru_trees_1, corexii_shack, grunt_ministairs_5,
          minmay_quantized
D:5:      layout_layer_cave, mainiacjoe_overflow_tiny_flanked
D:6:      layout_loops_corners, mainiacjoe_overflow_small_starburst,
          minmay_temple_entry_large_hall, kennysheep_donut, uniq_grinder,
          uniq_menkaure

Skill      XL: |  1  2  3  4  5  6  7  8 |
---------------+-------------------------+-----
Fighting       | 2 3 |  3.0
Dodging        | 1 2 3 4 |  4.0
Spellcasting   | 2 3 |  3.0
Conjurations   | 3 |  3.0
Translocations | 1 2 3 |  3.0
Stealth        | 3 |  3.9
Air Magic      | 2 4 5 |  5.0
Evocations     | 4 |  4.0
Long Blades    | |  2.0

Action                   |  1- 3 |  4- 6 |  7- 9 || total
-------------------------+-------+-------+-------++-------
Melee: Long sword        |    82 |    83 |       ||   165
       Constrict         |    22 |    29 |     4 ||    55
       Tentacles         |    14 |    30 |     8 ||    52
       Spear             |     1 |       |       ||     1
       Punch             |       |     1 |       ||     1
       Dagger            |       |    29 |    12 ||    41
       Hand axe          |       |       |     3 ||     3
Throw: Boomerang         |       |       |     1 ||     1
 Cast: Searing Ray       |    13 |    39 |     3 ||    55
       Blink             |       |     6 |     1 ||     7
       Swiftness         |       |     2 |     1 ||     3
       Airstrike         |       |       |    16 ||    16
Evoke: Wand              |       |     3 |     2 ||     5
  Use: Potion            |       |     3 |       ||     3
       Scroll            |       |     2 |       ||     2
 Stab: Sleeping          |     5 |     9 |       ||    14
Armor: Skin              |     9 |    20 |     1 ||    30
Dodge: Dodged            |    61 |    76 |    10 ||   147

Table legend: (Time is in decaauts)
 A = Elapsed time spent in this place.
 B = Non-inter-level travel time spent in this place.
 C = Inter-level travel time spent in this place.
 D = Time resting spent in this place.
 E = Time spent auto-exploring this place.
 F = Levels seen in this place.
 G = Mean time per level.
                   A        B        C        D        E       F      G
               +--------+--------+--------+--------+--------+-----+--------+
         Total |   8629 |   8435 |    194 |    781 |   6714 |   6 | 1438.2 |
       Dungeon |   8629 |   8435 |    194 |    781 |   6714 |   6 | 1438.2 |
               +--------+--------+--------+--------+--------+-----+--------+

Top non-repeatable levels by time:
     D:5: 2328 daAuts
     D:3: 1964 daAuts
     D:1: 1657 daAuts
     D:2: 1331 daAuts
     D:4: 1110 daAuts
     D:6: 237 daAuts
